[Event "*** Titled Tuesday Blitz"]
[Site "Chess.com"]
[Date "2021.03.09"]
[Round "10"]
[White "guillembaches"]
[Black "PushingpawnsNYC"]
[Result "1-0"]
[WhiteElo "2455"]
[BlackElo "2297"]
[TimeControl "180+1"]
[EndTime "11:57:23 PST"]
[Termination "guillembaches won by resignation"]

1. c4 e5 2. Nc3 f5 3. e3 Nf6 4. g3 Nc6 5. Bg2 e4 6. d3 Bb4 7. Ne2 Ne5 8. dxe4 fxe4 9. O-O d6 10.
Qa4+ Nc6 11. Nxe4 Bc5 12. Nxc5 dxc5 13. Bxc6+ bxc6 14. Qxc6+ Bd7 15. Qxc5 Kf7 16. Rd1 Qe8 17. Qxc7 Rc8 18. Qxa7 Rxc4 19. b3 Rc2 20. Nd4 Rc8 21. Bb2 Kg6 22. Nf3 Bg4 23. Ne5+ Kh5 24. Nxg4 Kxg4 25.
Qxg7+ Kh3 26. Bxf6 Qe4 27. Qh6+ Kg4 28. Rd4 1-0

[Event "*** Titled Tuesday Blitz"]
[Site "Chess.com"]
[Date "2021.03.09"]
[Round "10"]
[White "kubal123"]
[Black "SkippingLaptop"]
[Result "1-0"]
[WhiteElo "2274"]
[BlackElo "2107"]
[TimeControl "180+1"]
[EndTime "11:57:23 PST"]
[Termination "kubal123 won by resignation"]

1. Nf3 Nf6 2. g3 e6 3. Bg2 d5 4. O-O Be7 5. d3 O-O 6. Nbd2 c5 7. e4 Nc6 8. Re1 Qc7 9. Nf1 Rd8 10. e5 Nd7 11. Bf4 b5 12. h4 a5 13. N1h2 a4 14. a3 b4 15. h5 Rb8 16. Ng4 b3 17. c3 d4 18. c4 Nf8 19. Qd2 Qa5 20. Qe2 Bb7 21.
h6 Ng6 22. Bg5 Qc7 23. hxg7 h5 24. Nf6+ Bxf6 25. Bxf6 Nce7 26. Ng5 Bxg2 27. Qxh5 1-0

[Event "*** Titled Tuesday Blitz"]
[Site "Chess.com"]
[Date "2021.03.09"]
[Round "10"]
[White "dosto07"]
[Black "Trickster_Pony"]
[Result "1/2-1/2"]
[WhiteElo "2281"]
[BlackElo "1484"]
[TimeControl "180+1"]
[EndTime "11:57:30 PST"]
[Termination "Game drawn by repetition"]

1. e4 c5 2. Nf3 g6 3. c3 Bg7 4. d4 cxd4 5. cxd4 d6 6. h3 Nc6 7. Nc3 Nf6 8. d5 Ne5 9. Nxe5 dxe5 10. Bb5+ Bd7 11. Bxd7+ Qxd7 12. O-O O-O 13. Be3 b6 14. Rc1 Ne8 15. Qa4 Qxa4 16. Nxa4 Nd6 17. f3 Rfc8 18. b3 f5 19. Bg5 fxe4 20. Bxe7 Nf5 21.
Bg5 exf3 22. Rxf3 e4 23. Rff1 Bd4+ 24. Kh2 Be5+ 25. Kg1 Bd4+ 26. Kh2 Be5+ 27. Kg1 Bd4+ 1/2-1/2

[Event "*** Titled Tuesday Blitz"]
[Site "Chess.com"]
[Date "2021.03.09"]
[Round "10"]
[White "Marcin"]
[Black "ajdemipopushi"]
[Result "1-0"]
[WhiteElo "2530"]
[BlackElo "2385"]
[TimeControl "180+1"]
[EndTime "11:57:34 PST"]
[Termination "Marcin won by resignation"]

1. d4 Nf6 2. c4 c5 3. d5 b5 4. cxb5 a6 5. bxa6 Bxa6 6. Nc3 g6 7. e4 Bxf1 8. Kxf1 d6 9. Nf3 Bg7 10. g3 O-O 11. Kg2 Nbd7 12. a4 Ra6 13. Ra3 Qa8 14. Qc2 e6 15. dxe6 fxe6 16. Re1 d5 17. Bf4 Nh5 18. Bg5 d4 19. Nb5 Qc6 20. Kg1 h6 21. Bc1 e5 22. Nd2 Nb6 23. b3 Nf6 24. Nc4 Nxc4 25. Qxc4+ Kh7 26. Qd3 Rf7 27. Kg2 Ra8 28. f3 Raf8 29. Ra2 Ne8 30. Rf2 Nd6 31. Nxd6 Qxd6 32.
Ba3 Rb8 33. Qc4 Qb6 34. Rb1 Bf8 35. Qxf7+ 1-0

[Event "*** Titled Tuesday Blitz"]
[Site "Chess.com"]
[Date "2021.03.09"]
[Round "10"]
[White "AniJak"]
[Black "beto-betun"]
[Result "1-0"]
[WhiteElo "2311"]
[BlackElo "2209"]
[TimeControl "180+1"]
[EndTime "11:57:34 PST"]
[Termination "AniJak won by checkmate"]

1. e4 c5 2. Nf3 d6 3. d4 cxd4 4. Nxd4 Nf6 5. Nc3 a6 6. h3 e5 7.
Nb3 Be6 8. Bg5 Be7 9. g4 Nbd7 10.
Bg2 Rc8 11. O-O h6 12. Be3 Nb6 13. Bxb6 Qxb6 14. Qd2 O-O 15. Rad1 Nh7 16. Nd5 Bxd5 17. exd5 Bg5 18. Qd3 Bf4 19. c3 Ng5 20. Rfe1 Rfe8 21. Re2 Re7 22. Nd4 exd4 23. Rxe7 dxc3 24. bxc3 Be5 25.
h4 Rxc3 26. Re8# 1-0

[Event "*** Titled Tuesday Blitz"]
[Site "Chess.com"]
[Date "2021.03.09"]
[Round "10"]
[White "andrewtnb"]
[Black "night_player"]
[Result "1-0"]
[WhiteElo "2304"]
[BlackElo "2163"]
[TimeControl "180+1"]
[EndTime "11:57:44 PST"]
[Termination "andrewtnb won by resignation"]

1. d4 f5 2. e4 fxe4 3. Nc3 Nf6 4. Bg5 g6 5. Qd2 Bg7 6. O-O-O d5 7. f3 exf3 8. Nxf3 Bg4 9. Qf4 Bxf3 10. Qxf3 O-O 11.
Bxf6 exf6 12. Qxd5+ Kh8 13. Qxb7 Nd7 14. Bc4 Nb6 15.
Bb3 a5 16. a3 a4 17. Ba2 Qd6 18. Nb5 Qf4+ 19. Kb1 Rab8 20. Qxc7 Qg5 21. Nd6 Nd5 22. Qxb8 Rxb8 23. Nf7+ Kg8 24. Nxg5 fxg5 25. Bxd5+ Kh8 26. c3 1-0

[Event "*** Titled Tuesday Blitz"]
[Site "Chess.com"]
[Date "2021.03.09"]
[Round "10"]
[White "chescomhuynya"]
[Black "jacky72"]
[Result "0-1"]
[WhiteElo "2584"]
[BlackElo "2733"]
[TimeControl "180+1"]
[EndTime "11:57:46 PST"]
[Termination "jacky72 won by checkmate"]

1. e4 e5 2. Nf3 Nc6 3. Bb5 a6 4.
Ba4 d6 5. c3 Bd7 6. O-O g6 7.
d4 Bg7 8. d5 Nce7 9. Bxd7+ Qxd7 10. Ne1 h6 11. Nd3 f5 12. exf5 Qxf5 13. c4 Nf6 14.
Nc3 O-O 15. f3 g5 16. Nf2 Ng6 17. Nfe4 Nxe4 18. Nxe4 Nf4 19. Bxf4 exf4 20. Qc2 h5 21. Rae1 g4 22. Kh1 b6 23. b4 a5 24. a3 axb4 25. axb4 Be5 26. Rd1 Kh8 27. c5 bxc5 28. bxc5 Rg8 29. cxd6 cxd6 30. Rde1 Rg6 31.
Qc6 Rag8 32. Re2 h4 33. fxg4 Qxg4 34. Ref2 f3 35. g3 hxg3 36. Nxg3 Bxg3 37. Rxf3 Bf2 38. h3 Qg2# 0-1

[Event "*** Titled Tuesday Blitz"]
[Site "Chess.com"]
[Date "2021.03.09"]
[Round "10"]
[White "alexrustemov"]
[Black "Anna_ChessMate"]
[Result "1-0"]
[WhiteElo "2756"]
[BlackElo "2578"]
[TimeControl "180+1"]
[EndTime "11:57:48 PST"]
[Termination "alexrustemov won by resignation"]

1. d4 d5 2. c4 c6 3. Nc3 Nf6 4. e3 e6 5. Nf3 Nbd7 6. Qc2 Bd6 7. Bd2 O-O 8. O-O-O b6 9. e4 dxe4 10. Nxe4 Nxe4 11.
Qxe4 Bb7 12. Bd3 Nf6 13. Qh4 Be7 14. Rhe1 Re8 15. Bc3 b5 16. c5 g6 17. Bd2 Nd5 18. Bg5 Bxg5+ 19. Qxg5 Qxg5+ 20. Nxg5 Nf4 21. Bf1 Kg7 22.
Ne4 Rad8 23. Nd6 Rxd6 24. cxd6 Rd8 25. g3 Nd5 26. Bg2 Rxd6 27. Bxd5 cxd5 28. Kd2 b4 29. Rc1 Ra6 30. Rc7 Rb6 31. Rec1 Kf8 32. Rd7 Ke8 33. Rcc7 Bc6 34. Rxf7 a5 35. Rxh7 Kd8 36. Ra7 1-0

[Event "*** Titled Tuesday Blitz"]
[Site "Chess.com"]
[Date "2021.03.09"]
[Round "10"]
[White "Kostukov_Alex"]
[Black "VladaSviridova"]
[Result "0-1"]
[WhiteElo "2298"]
[BlackElo "2234"]
[TimeControl "180+1"]
[EndTime "11:57:50 PST"]
[Termination "VladaSviridova won by checkmate"]

1. g3 d5 2. Bg2 c6 3. d3 Nf6 4. e4 dxe4 5. dxe4 Qxd1+ 6. Kxd1 e5 7. f3 Bc5 8. Nd2 O-O 9. Nb3 Rd8+ 10. Ke2 Bb6 11. a4 a5 12. Be3 Bxe3 13.
Kxe3 Na6 14. c3 Be6 15. Nd2 Nc5 16. Bh3 Rxd2 17. Bxe6 Rd3+ 18. Ke2 fxe6 19. Nh3 Rad8 20. Rhd1 Rxd1 21. Rxd1 Rxd1 22. Kxd1 h6 23. Kc2 Nxa4 24.
Nf2 Kf7 25. Kb3 Nc5+ 26. Kc4 Nfd7 27. Nd3 b5# 0-1

[Event "*** Titled Tuesday Blitz"]
[Site "Chess.com"]
[Date "2021.03.09"]
[Round "10"]
[White "Shuvalov"]
[Black "esapunov"]
[Result "0-1"]
[WhiteElo "2509"]
[BlackElo "2723"]
[TimeControl "180+1"]
[EndTime "11:57:54 PST"]
[Termination "esapunov won by resignation"]

1. Nf3 Nf6 2. c4 g6 3. Nc3 Bg7 4. e4 O-O 5. d4 d6 6. Be2 e5 7. O-O Nc6 8. d5 Ne7 9. Ne1 Nd7 10. Be3 f5 11. f3 f4 12. Bf2 g5 13. Rc1 Ng6 14.
c5 Nxc5 15. b4 Na6 16. Nb5 Bd7 17. Nxa7 Qb8 18. Nb5 Nxb4 19. Nxc7 Rxa2 20. Ne6 Rc8 21. Bc4 Rb2 22. Nxg5 b5 23. Bd3 Nxd3 24. Nxd3 Ra2 25. Nb4 Rxc1 26. Qxc1 Ra4 27. Nc6 Qe8 28. Qc2 Bf6 29. Ne6 Bxe6 30. dxe6 Qxe6 31. Rb1 Rc4 32. Qb3 Rc1+ 33. Rxc1 Qxb3 34. h3 Kf7 35. Kh2 Qb2 36. Rf1 Bh4 37. Bxh4 Nxh4 0-1

[Event "*** Titled Tuesday Blitz"]
[Site "Chess.com"]
[Date "2021.03.09"]
[Round "10"]
[White "Frogo47"]
[Black "SimplyDevina"]
[Result "1-0"]
[WhiteElo "2514"]
[BlackElo "2213"]
[TimeControl "180+1"]
[EndTime "11:57:54 PST"]
[Termination "Frogo47 won on time"]

1. e4 d5 2. exd5 Qxd5 3. Nc3 Qd8 4.
d4 Nf6 5. Nf3 c6 6. Bc4 Bf5 7.
Ne5 e6 8. g4 Be4 9. Nxe4 Nxe4 10.
Qe2 Qxd4 11. Nf3 Bb4+ 12. Kf1 Qxf2+ 13. Qxf2 Nxf2 14. Kxf2 O-O 15. Be3 Nd7 16. Rad1 Nf6 17. h3 Ne4+ 18. Kg2 Rad8 19. Ng5 Nd6 20. Bb3 h6 21. Nf3 Ne4 22. Bxa7 Bc5 23. Bxc5 Nxc5 24. Kf2 Ne4+ 25. Ke3 Nc5 26. Rhe1 Rfe8 27. Ne5 Kf8 28. Nc4 Ke7 29. a4 Rd5 30. Rxd5 cxd5 31. Ne5 f6 32. Ng6+ Kd6 33. Nf4 1-0

[Event "*** Titled Tuesday Blitz"]
[Site "Chess.com"]
[Date "2021.03.09"]
[Round "10"]
[White "TooOldTooSlow70"]
[Black "Fore_Man"]
[Result "1-0"]
[WhiteElo "2468"]
[BlackElo "2245"]
[TimeControl "180+1"]
[EndTime "11:57:54 PST"]
[Termination "TooOldTooSlow70 won by resignation"]

1. Nf3 e6 2. d4 d5 3. Bf4 Bd6 4. e3 Bxf4 5. exf4 Nf6 6. c3 O-O 7. Bd3 c5 8. O-O b6 9. Qe2 Qc7 10. g3 cxd4 11. cxd4 Bb7 12. Nc3 Nbd7 13. Rac1 Qd8 14. Nb5 a6 15. Nd6 Qb8 16. Nxb7 Qxb7 17. Ne5 Rfc8 18. Rxc8+ Qxc8 19. f5 exf5 20. Bxf5 Qe8 21.
Re1 Qd8 22. Rc1 g6 23. Bxd7 Nxd7 24. Rc6 Qe8 25. Rd6 Nxe5 26. Qxe5 Qxe5 27. dxe5 Rc8 28. Rxb6 Rc2 29. Kg2 Re2 30. Kf3 Rxe5 31. Rxa6 d4 32. Rd6 Rf5+ 33. Ke2 Rc5 34. Rxd4 1-0

[Event "*** Titled Tuesday Blitz"]
[Site "Chess.com"]
[Date "2021.03.09"]
[Round "10"]
[White "tandaleo"]
[Black "ShahMatKanal"]
[Result "0-1"]
[WhiteElo "2371"]
[BlackElo "2515"]
[TimeControl "180+1"]
[EndTime "11:57:55 PST"]
[Termination "ShahMatKanal won by checkmate"]

1. d4 Nf6 2. c4 c5 3. d5 b5 4. Qc2 d6 5. e4 g6 6. f4 Bg7 7. Nf3 O-O 8. cxb5 e6 9. dxe6 Bxe6 10. Be2 a6 11. bxa6 Nxa6 12. Bd2 Nb4 13. Bxb4 cxb4 14. O-O Ng4 15. Qc6 Bxb2 16. Nbd2 Bxa1 17. Rxa1 Qf6 18. Rf1 Rxa2 19. Qxd6 Rd8 20. Qxb4 Qxf4 21. Bc4 Rdxd2 22. Nxd2 Qxh2# 0-1

[Event "*** Titled Tuesday Blitz"]
[Site "Chess.com"]
[Date "2021.03.09"]
[Round "10"]
[White "ailime26"]
[Black "SanQui14"]
[Result "0-1"]
[WhiteElo "2090"]
[BlackElo "2342"]
[TimeControl "180+1"]
[EndTime "11:57:56 PST"]
[Termination "SanQui14 won by resignation"]

1. e4 e5 2. Nf3 Nc6 3. Nc3 Nf6 4. d4 exd4 5. Nxd4 Bb4 6. Nxc6 bxc6 7. Bd3 d5 8. exd5 cxd5 9. O-O O-O 10. Bg5 c6 11.
Qf3 Be7 12. Ne2 h6 13. Bf4 Bg4 14. Qg3 Qd7 15. h3 Be6 16. Bxh6 Nh5 17. Qf3 Nf6 18.
Bd2 Rfe8 19. Nf4 Bf5 20. Rae1 Bxd3 21. Nxd3 Ne4 22. Bc1 Bf6 23. Qh5 c5 24. b3 Rac8 25.
Nf4 d4 26. Nd3 Re6 27. Re2 Rce8 28. Rfe1 g6 29. Qg4 Bg7 30. Rxe4 f5 31. Nxc5 fxg4 32. Nxd7 Rxe4 33. Rxe4 Rxe4 34. Kh2 gxh3 35. Kxh3 Re2 36. Nc5 Rxc2 37. Nd3 Rc3 0-1

[Event "*** Titled Tuesday Blitz"]
[Site "Chess.com"]
[Date "2021.03.09"]
[Round "10"]
[White "Trankuilizer"]
[Black "SaraciNderim"]
[Result "0-1"]
[WhiteElo "2588"]
[BlackElo "2786"]
[TimeControl "180+1"]
[EndTime "11:57:57 PST"]
[Termination "SaraciNderim won by resignation"]

1. e4 c5 2. c3 Nc6 3. d4 d6 4.
Nf3 Nf6 5. d5 Nb8 6. Be2 g6 7.
O-O Bg7 8. Re1 O-O 9. Bf1 e6 10. dxe6 Bxe6 11. Bg5 Nc6 12. Nbd2 h6 13. Bh4 g5 14.
Bg3 d5 15. Qc2 Nh5 16. Rad1 Nxg3 17. hxg3 d4 18. e5 dxc3 19. bxc3 Qc7 20. Nc4 Rad8 21.
Rd6 Nxe5 22. Rxe6 Nxf3+ 23. gxf3 fxe6 24. Bh3 Rxf3 25. Bg4 Rxg3+ 0-1

[Event "*** Titled Tuesday Blitz"]
[Site "Chess.com"]
[Date "2021.03.09"]
[Round "10"]
[White "Slovak_fighter2000"]
[Black "CraiggoryC"]
[Result "1-0"]
[WhiteElo "2423"]
[BlackElo "2294"]
[TimeControl "180+1"]
[EndTime "11:57:57 PST"]
[Termination "Slovak_fighter2000 won by resignation"]

1. d4 Nf6 2. Bf4 g6 3. Nc3 Bg7 4.
e4 d5 5. exd5 Nxd5 6. Nxd5 Qxd5 7.
c3 e5 8. dxe5 Qe4+ 9. Ne2 Nc6 10. f3 Qf5 11. Bg3 Nxe5 12. Nd4 Qd7 13. Qe2 O-O 14.
O-O-O Re8 15. Nb3 Qe7 16. f4 Nc6 17. Qxe7 Rxe7 18. Bb5 Bg4 19. Rde1 Rae8 20. Bxc6 bxc6 21. Rxe7 Rxe7 22. Re1 Kf8 23. Rxe7 Kxe7 24. Bf2 a6 25. Bd4 Bh6 26. g3 Be6 27. Nc5 Bxa2 28. b3 Kd6 29. Kb2 1-0

[Event "*** Titled Tuesday Blitz"]
[Site "Chess.com"]
[Date "2021.03.09"]
[Round "10"]
[White "WPWPWP-2015"]
[Black "Lestofante90"]
[Result "0-1"]
[WhiteElo "2509"]
[BlackElo "2715"]
[TimeControl "180+1"]
[EndTime "11:58:00 PST"]
[Termination "Lestofante90 won by resignation"]

1. d4 Nf6 2. c4 e6 3. Nc3 Bb4 4. e3 O-O 5. Bd3 d5 6. Ne2 c5 7. cxd5 exd5 8. O-O Nc6 9. h3 c4 10. Bc2 Re8 11. Ng3 Bf8 12. b3 a6 13. bxc4 dxc4 14. Nce4 Nb4 15. Bb1 Nbd5 16. Bb2 b5 17. a3 Bb7 18. Qd2 Rc8 19. Nxf6+ Qxf6 20. Ne4 Qc6 21.
f3 c3 22. Nxc3 Nxc3 23. Bxh7+ Kxh7 24. Rac1 Qe6 25. Qd3+ Kg8 26. Rxc3 Rxc3 27. Bxc3 Qxe3+ 0-1

[Event "*** Titled Tuesday Blitz"]
[Site "Chess.com"]
[Date "2021.03.09"]
[Round "10"]
[White "ehrenfeld"]
[Black "Handszar"]
[Result "0-1"]
[WhiteElo "2489"]
[BlackElo "2396"]
[TimeControl "180+1"]
[EndTime "11:58:00 PST"]
[Termination "Handszar won by resignation"]

1. e4 c5 2. Nf3 d6 3. Bc4 Nf6 4. d3 e6 5. Bb3 Be7 6. O-O O-O 7. Re1 Nbd7 8. c3 b6 9. d4 Bb7 10. Nbd2 cxd4 11. cxd4 Rc8 12. Bc2 Qc7 13. Bd3 e5 14. d5 Nc5 15. Bf1 g6 16. b3 Nh5 17. Ba3 Nf4 18. Rc1 Qd7 19. Nc4 f5 20. exf5 Qxf5 21. Ne3 Qf7 22. g3 Nxd5 23. Nxd5 Bxd5 24. Bxc5 Bxf3 0-1

[Event "*** Titled Tuesday Blitz"]
[Site "Chess.com"]
[Date "2021.03.09"]
[Round "10"]
[White "gusmaster2262"]
[Black "MillyNeuf"]
[Result "0-1"]
[WhiteElo "2169"]
[BlackElo "2287"]
[TimeControl "180+1"]
[EndTime "11:58:00 PST"]
[Termination "MillyNeuf won by resignation"]

1. e4 e5 2. Nf3 Nc6 3. Bb5 a6 4.
Ba4 Nf6 5. O-O Nxe4 6. d4 b5 7. Bb3 d5 8. dxe5 Be6 9. c3 Nc5 10. Bc2 Be7 11. Be3 h6 12. Nbd2 Qd7 13. Re1 Rd8 14. Nf1 O-O 15. b4 Nb7 16. Qd3 g6 17. Bxh6 Rfe8 18. Qd2 a5 19. a3 axb4 20. axb4 d4 21.
Be4 Bd5 22. Red1 Bxe4 23. Qf4 Bxf3 24. gxf3 d3 25. Ng3 Bf8 26. Bg5 Be7 27. Ne4 Qf5 28. Qh4 Nxe5 0-1

[Event "*** Titled Tuesday Blitz"]
[Site "Chess.com"]
[Date "2021.03.09"]
[Round "10"]
[White "paulrusan"]
[Black "HouseOfDurin"]
[Result "0-1"]
[WhiteElo "2300"]
[BlackElo "2176"]
[TimeControl "180+1"]
[EndTime "11:58:01 PST"]
[Termination "HouseOfDurin won by resignation"]

1. e4 c5 2. b4 b6 3. bxc5 bxc5 4.
Nc3 Bb7 5. Rb1 Bc6 6. Nf3 g6 7. Ne5 Bg7 8. Nxc6 Nxc6 9. Bb5 Rc8 10. O-O e5 11. Nd5 Nge7 12. d3 h6 13. c3 O-O 14.
Be3 d6 15. Qa4 Kh7 16. f3 f5 17. Rfd1 Nxd5 18. exd5 Ne7 19. d4 exd4 20. cxd4 Nxd5 21. dxc5 Nxe3 22. Rxd6 Qg5 23. g3 f4 24. g4 Qxc5 25. Rd7 Nxg4+ 26. Kh1 Qf2 27. fxg4 Rc2 28. Rxg7+ Kxg7 29. Qxa7+ Qxa7 0-1

[Event "*** Titled Tuesday Blitz"]
[Site "Chess.com"]
[Date "2021.03.09"]
[Round "10"]
[White "chessdiamant"]
[Black "Tekushka"]
[Result "1-0"]
[WhiteElo "2364"]
[BlackElo "2446"]
[TimeControl "180+1"]
[EndTime "11:58:03 PST"]
[Termination "chessdiamant won on time"]

1. e4 e6 2. d4 d5 3. Nc3 Nf6 4. e5 Nfd7 5. f4 c5 6. Nf3 Nc6 7. Be3 a6 8. Qd2 b5 9. dxc5 Bxc5 10. Bxc5 Nxc5 11. Nd4 Bb7 12. O-O-O b4 13. Nce2 Qb6 14. Nxc6 Bxc6 15. Nd4 Ne4 16. Qe3 a5 17. Bd3 Nc5 18. f5 b3 19. axb3 a4 20. b4 Nd7 21. fxe6 fxe6 22.
Rhe1 a3 23. bxa3 Rxa3 24. Bg6+ hxg6 25. Qxa3 Rh4 26. c3 Rxh2 27. Nxe6 Rxg2 28. Rf1 Ke7 29. b5+ 1-0

[Event "*** Titled Tuesday Blitz"]
[Site "Chess.com"]
[Date "2021.03.09"]
[Round "10"]
[White "szachuspl"]
[Black "BvsN"]
[Result "1-0"]
[WhiteElo "2521"]
[BlackElo "2334"]
[TimeControl "180+1"]
[EndTime "11:58:05 PST"]
[Termination "szachuspl won by resignation"]

1. d4 d5 2. c4 e6 3. Nc3 c6 4. Nf3 dxc4 5. e4 b5 6. e5 Bb7 7. Ng5 h6 8. Nge4 Nd7 9. Be2 b4 10. Na4 c5 11. Nd6+ Bxd6 12. exd6 cxd4 13. Qxd4 Ngf6 14. O-O Qa5 15. b3 c3 16. a3 Qd5 17.
Qxd5 Bxd5 18. axb4 Rc8 19. Be3 Bxb3 20. Nc5 Bd5 21.
Rxa7 Bc6 22. Rc1 Nd5 23. Bf3 Nxc5 24. Bxc5 O-O 25. d7 Ra8 26. Bxf8 Rxf8 27. Bxd5 Bxd5 28. Rxc3 e5 29. Rc8 1-0

[Event "*** Titled Tuesday Blitz"]
[Site "Chess.com"]
[Date "2021.03.09"]
[Round "10"]
[White "Kildepiotr"]
[Black "boasovietica"]
[Result "0-1"]
[WhiteElo "2555"]
[BlackElo "2457"]
[TimeControl "180+1"]
[EndTime "11:58:06 PST"]
[Termination "boasovietica won by resignation"]

1. Nf3 c5 2. g3 Nc6 3. Bg2 e5 4. d3 g6 5. O-O Bg7 6. c4 Nge7 7.
Nc3 d6 8. Ne1 Be6 9. Nc2 d5 10.
cxd5 Nxd5 11. Nxd5 Bxd5 12. Bxd5 Qxd5 13. Ne3 Qe6 14.
Nc4 O-O 15. Be3 Nd4 16. Bxd4 exd4 17. Rb1 Rfe8 18. b4 b5 19. Na5 c4 20. dxc4 bxc4 21. Re1 Rac8 22. b5 h5 23. h4 Qd5 24. Nc6 Rc7 25.
a4 f5 26. Qc2 Re4 27. Rbc1 c3 28. Rb1 Rg4 29. Qb3 Qxb3 30. Rxb3 f4 31. Kg2 fxg3 32.
fxg3 Re4 33. Rb4 Rd7 34. Rc4 d3 35. Rxe4 d2 36. Rf1 c2 37. Rc4 d1=Q 38. Ne7+ Rxe7 39. Rxc2 Qxc2 0-1

[Event "*** Titled Tuesday Blitz"]
[Site "Chess.com"]
[Date "2021.03.09"]
[Round "10"]
[White "Tactictic"]
[Black "Mrlammy"]
[Result "0-1"]
[WhiteElo "2413"]
[BlackElo "2326"]
[TimeControl "180+1"]
[EndTime "11:58:07 PST"]
[Termination "Mrlammy won on time"]

1. e4 e6 2. d4 d5 3. Nd2 dxe4 4.
Nxe4 Nd7 5. Nf3 Be7 6. Bd3 Ngf6 7. Nxf6+ Nxf6 8. O-O O-O 9. Ne5 b6 10. Nc6 Qe8 11. Qf3 Bd7 12. Nxe7+ Qxe7 13. Bg5 h6 14. Bh4 Rac8 15. Rfe1 g5 16. Bg3 c5 17. Be5 Nd5 18. Qh5 f6 19. Qg6+ Qg7 20. Qxg7+ Kxg7 21. Bd6 Rfe8 22. dxc5 bxc5 23. c3 c4 24. Bc2 Bc6 25.
Bg3 e5 26. Rad1 Red8 0-1

[Event "*** Titled Tuesday Blitz"]
[Site "Chess.com"]
[Date "2021.03.09"]
[Round "10"]
[White "Fandorine"]
[Black "GregShahade"]
[Result "1-0"]
[WhiteElo "2896"]
[BlackElo "2757"]
[TimeControl "180+1"]
[EndTime "11:58:09 PST"]
[Termination "Fandorine won by resignation"]

1. Nf3 Nf6 2. g3 g6 3. b3 Bg7 4. Bb2 O-O 5. c4 d5 6. cxd5 Nxd5 7. Bxg7 Kxg7 8. Bg2 c5 9. O-O Nc6 10. d4 cxd4 11. Nxd4 Nxd4 12. Qxd4+ Nf6 13. Qe5 Qd6 14. Qxd6 exd6 15. Nc3 Rb8 16. Rfd1 Be6 17. Rxd6 Rfc8 18. Nb5 Rc5 19. Nd4 Bg4 20. Nf3 Re8 21. Rd2 Ne4 22. Rb2 Nc3 23. e3 b5 24. Nd4 b4 25.
h3 Bd7 26. a3 a5 27. axb4 axb4 28. Ra7 Bc8 29. Kh2 Nb5 30. Nxb5 Rxb5 31. Bc6 Rh5 1-0

[Event "*** Titled Tuesday Blitz"]
[Site "Chess.com"]
[Date "2021.03.09"]
[Round "10"]
[White "Mr_Sinigami"]
[Black "djano"]
[Result "1-0"]
[WhiteElo "2592"]
[BlackElo "2467"]
[TimeControl "180+1"]
[EndTime "11:58:09 PST"]
[Termination "Mr_Sinigami won by resignation"]

1. d4 Nf6 2. Bg5 d5 3. Nd2 Nbd7 4. e3 c5 5. c3 Qb6 6. Rb1 e5 7. dxe5 Nxe5 8. Ngf3 Ng6 9. Bxf6 Qxf6 10. Bb5+ Ke7 11.
O-O Bf5 12. e4 dxe4 13. Nxe4 Bxe4 14. Re1 Qf5 15. Qd3 Nf4 16. Rxe4+ Ne6 17. Rbe1 Kf6 18. Nh4 Qh5 19. Qd7 g6 20. Rxe6+ Kg7 21. g3 c4 22. Bxc4 Bc5 23. R6e5 Bxf2+ 24. Kxf2 1-0

[Event "*** Titled Tuesday Blitz"]
[Site "Chess.com"]
[Date "2021.03.09"]
[Round "10"]
[White "rachidhuilda"]
[Black "Maddie"]
[Result "1-0"]
[WhiteElo "2270"]
[BlackElo "2078"]
[TimeControl "180+1"]
[EndTime "11:58:09 PST"]
[Termination "rachidhuilda won by resignation"]

1. d4 d5 2. Nf3 Nf6 3. c4 c6 4.
Nc3 e6 5. Bg5 dxc4 6. e4 Be7 7.
Bxc4 O-O 8. O-O Nbd7 9. Qe2 b5 10. Bd3 Bb7 11. e5 Nd5 12. Bxe7 Nxe7 13. Ne4 Nf5 14. Rfd1 Nb6 15. Nc5 Bc8 16. Bc2 Nd7 17. Qe4 Nxc5 18. dxc5 Qc7 19. g4 g6 20. gxf5 exf5 21. Qe3 Be6 22.
Rd6 Bd5 23. Ng5 Qe7 24. f4 f6 25. Nf3 fxe5 26. Nxe5 Qh4 27. Qg3 Qh5 28. Bd1 Qh6 29. Bb3 Bxb3 30. axb3 Rfe8 31. Rad1 Qg7 32. Rd7 Qf6 33.
R1d6 Qf8 34. Qh4 Re7 35. Qxe7 1-0

[Event "*** Titled Tuesday Blitz"]
[Site "Chess.com"]
[Date "2021.03.09"]
[Round "10"]
[White "KhamzinOlzhas"]
[Black "bakki78"]
[Result "0-1"]
[WhiteElo "2570"]
[BlackElo "2792"]
[TimeControl "180+1"]
[EndTime "11:58:10 PST"]
[Termination "bakki78 won by resignation"]

1. e4 c5 2. Nc3 a6 3. g3 b5 4. Bg2 Bb7 5. Nge2 b4 6. Nd5 e6 7.
Ne3 Nf6 8. d3 d5 9. exd5 Nxd5 10.
Nc4 Nc3 11. Bxb7 Nxd1 12. Bxa8 Nxf2 13. Kxf2 Be7 14. Be3 O-O 15. Bf3 Nd7 16. a3 b3 17.
cxb3 Nf6 18. Kg2 Qxd3 19. Rhd1 Qxb3 20. Rac1 h5 21. h3 g6 22. Bf2 Nd5 23. Bxd5 exd5 24. Rxd5 Qb7 25. Rd1 Qb3 26. Ne5 Qxb2 27. Nf4 Re8 28.
Nd7 Qb7 29. Kg1 c4 30. Re1 c3 31. Nf6+ Bxf6 32. Rxe8+ Kg7 33. Re2 c2 34. Be3 Qb1+ 35. Kf2 c1=Q 36. Bxc1 Qxc1 37. Rd3 h4 38. gxh4 Qxf4+ 39.
Kg2 Bxh4 0-1

[Event "*** Titled Tuesday Blitz"]
[Site "Chess.com"]
[Date "2021.03.09"]
[Round "10"]
[White "maxip32"]
[Black "Oglob71"]
[Result "1/2-1/2"]
[WhiteElo "2524"]
[BlackElo "2411"]
[TimeControl "180+1"]
[EndTime "11:58:10 PST"]
[Termination "Game drawn - insufficient material"]

1. e4 c5 2. Nf3 d6 3. d4 cxd4 4. Nxd4 Nf6 5. Nc3 Nc6 6. Be2 e5 7. Nf3 Be7 8. O-O h6 9. Re1 O-O 10.
h3 Be6 11. a4 Qa5 12. Bd2 Qd8 13. Be3 d5 14. exd5 Nxd5 15. Nxd5 Qxd5 16. Qxd5 Bxd5 17. Rad1 Rfd8 18. Nd2 f6 19. Bc4 Kf8 20. Bxd5 Rxd5 21. Ne4 Rad8 22. Nc3 Rxd1 23. Rxd1 Rxd1+ 24. Nxd1 a6 25. Bb6 Kf7 26. Kf1 Ke6 27. Ke2 f5 28. Kd3 e4+ 29.
Kc4 Bf6 30. b4 g5 31. b5 Ne5+ 32. Kb4 Be7+ 33. Kb3 axb5 34. axb5 f4 35. Nc3 Kf5 36. Nd5 Bd6 37. c4 Nd3 38. Kc3 Be5+ 39. Kb3 Bd6 40. Kc3 Be5+ 41. Kd2 h5 42. c5 Ke6 43. Nc3 Bxc3+ 44. Kxc3 Kd5 45. Bd8 Kxc5 46. Bxg5 Kxb5 47. Kd4 Nxf2 48. Bxf4 Kc6 49. Ke3 Nd3 50. Kxe4 Nxf4 51. Kxf4 b5 52. g4 hxg4 53. hxg4 b4 54. Ke4 b3 55. Kd3 Kd6 56. Kc3 Ke5 57. Kxb3 Kf4 58. Kc4 Kxg4 1/2-1/2

[Event "*** Titled Tuesday Blitz"]
[Site "Chess.com"]
[Date "2021.03.09"]
[Round "10"]
[White "northridgehawk"]
[Black "Haykoooo0o"]
[Result "1-0"]
[WhiteElo "2357"]
[BlackElo "2467"]
[TimeControl "180+1"]
[EndTime "11:58:20 PST"]
[Termination "northridgehawk won by resignation"]

1. e4 c5 2. Nf3 e6 3. d4 cxd4 4. Nxd4 a6 5. c4 Nf6 6. Nc3 Qc7 7. Be2 b6 8. O-O Bb7 9. f3 d6 10. Kh1 Nbd7 11. Be3 Be7 12. Rc1 O-O 13. b3 Rac8 14. Bg1 Rfe8 15. Qd2 Qb8 16. Rfd1 Bd8 17. Qe1 Bc7 18. Bf1 d5 19. exd5 exd5 20. Qh4 dxc4 21. Bxc4 b5 22. Bd3 Ne5 23. Bb1 Ng6 24.
Qh3 Bf4 25. Rc2 Be5 26. Nce2 Nf4 27. Nxf4 Bxf4 28. Nf5 Rxc2 29. Bxc2 Rd8 30. Bd4 Be5 31. Qh4 Bc8 32. Nxg7 Kxg7 33. Qg5+ Kh8 34. Bxe5 1-0